 Dungeon Crawl Stone Soup version 0.29.1-12-g30fa7ad0bf (webtiles) character file.

Game seed: 15504052130302473451

418 cheesebisquit the Cleaver (level 6, -2/52 HPs)
             Began as a Minotaur Berserker on Dec 15, 2022.
             Was a Believer of Trog.
             Slain by an iguana (9 damage)
             ... on level 4 of the Dungeon.
             The game lasted 00:10:52 (3317 turns).

cheesebisquit the Cleaver (Minotaur Berserker)      Turns: 3317, Time: 00:10:53

Health: -2/52      AC:  5    Str: 24    XL:     6   Next: 61%
Magic:  5/5        EV: 11    Int:  4    God:    Trog [**....]
Gold:   121        SH:  0    Dex:  9    Spells: 5/5 levels left

rFire   . . .      SeeInvis .   a - +0 hand axe
rCold   . . .      Faith    .   (no shield)
rNeg    . . .      Spirit   .   g - +0 ring mail
rPois   .          Reflect  .   (helmet restricted)
rElec   .          Harm     .   (no cloak)
rCorr   .          Rampage  .   (no gloves)
Will    ++...                   (no boots)
Stlth   ..........              (no amulet)
HPRegen 1.17/turn               (no ring)
MPRegen 0.09/turn               (no ring)

@: strong-willed, regenerating
A: horns 2, retaliatory headbutt
a: Renounce Religion, Berserk, Trog's Hand


You were on level 4 of the Dungeon.
You worshipped Trog.
Trog was pleased with you.
You visited 1 branch of the dungeon, and saw 4 of its levels.

You collected 121 gold pieces.

Inventory:

Hand Weapons
 a - a +0 hand axe (weapon)
Missiles
 c - 45 stones (quivered)
 r - 5 datura-tipped darts
Armour
 b - a +0 animal skin
 g - a +0 ring mail (worn)
Scrolls
 e - a scroll of poison {unknown}
 f - 3 scrolls of teleportation
 i - 2 scrolls of identify {unknown}
 j - a scroll of immolation {unknown}
 k - 2 scrolls of blinking {unknown}
 l - a scroll of magic mapping {unknown}
 o - a scroll of enchant armour {unknown}
 q - a scroll of noise {unknown}
Potions
 d - a potion of degeneration {unknown}
 h - a potion of lignification {unknown}
 m - a potion of berserk rage {unknown}
 n - a potion of mutation {unknown}
 p - a potion of curing {unknown}


   Skills:
 - Level 3.8 Fighting
 + Level 8.8 Axes
 - Level 2.7 Armour
 - Level 2.4 Dodging


You had 5 spell levels left.
You didn't know any spells.
Your spell library was empty.

Dungeon Overview and Level Annotations

Branches:
Dungeon (4/15)             Temple (0/1) D:4

Altars:

Annotations:
D:3 2 transporters, PorkyPig's ghost, amateur GnAM


Innate Abilities, Weirdness & Mutations

You have a pair of horns on your head.
You reflexively headbutt those who attack you in melee.


Message History

The adder bites you.
You barely miss the goblin. You barely miss the adder.
The goblin unwields a +0 sling.
The goblin wields a +0 dagger.
The goblin hits you with a +0 dagger. The adder closely misses you.
You furiously retaliate!
You headbutt the adder. You slash the goblin!
You kill the goblin!
Trog accepts your kill.
You hit the adder. The adder bites you but does no damage.
You hit the iguana. Your headbutt misses the iguana.
The iguana is lightly wounded.
You closely miss the adder. The iguana bites you! The adder closely misses you.
You furiously retaliate!
You headbutt the adder!
You kill the adder!
Trog accepts your kill.
You barely miss the iguana.
The iguana is lightly wounded.
You closely miss the scorpion.
The iguana bites you but does no damage.
The scorpion barely misses you. You furiously retaliate!
You headbutt the scorpion! You closely miss the iguana.
Your headbutt misses the iguana.
The iguana is lightly wounded.
You hit the scorpion. The scorpion stings you. The iguana bites you!
You closely miss the iguana.
The iguana is lightly wounded.
You barely miss the scorpion.
The scorpion stings you but does no damage.
The iguana bites you!
You hit the iguana.
The iguana is lightly wounded.
You closely miss the scorpion. The scorpion closely misses you.
The iguana bites you!
* * * LOW HITPOINT WARNING * * *
Your skin crawls.
You feel strong-willed. The scorpion closely misses you.
The iguana hisses menacingly.
The iguana bites you!
You die...

~..# #.######### ~..#
####..........
PP.##########.........#######
.......)...).................
....#########.#.....#)######
...## #.#.###.#.##### ...#
####.#.#<..#.....# ...#
#....#.#########:# ...#
#....#.@l......#.# ####
#....#..s......#.#
####.#.#########.# ###.#.#
#.# #...#.# #.# #...#.# #.#
#...#.## #####.#
###########...#..## #.....#
#.................###.....#


You could see a scorpion and an iguana.

Vanquished Creatures
  A centaur (D:4)
  Blork the orc (D:4)
  A bullfrog (D:4)
  A jelly (D:4)
  9 adders
  An ufetubus (D:4)
  3 dart slugs
  An orc (D:3)
  13 endoplasms
  A giant cockroach (D:2)
  8 goblins
  9 hobgoblins
  3 quokkas
  7 ball pythons
  4 bats
  5 frilled lizards
  3 kobolds
  4 rats
75 creatures vanquished.

Vanquished Creatures (others)
  A worm (D:2)
  6 plants (D:4)
7 creatures vanquished.

Grand Total: 82 creatures vanquished

Notes
Turn   | Place    | Note
-------+----------+-------------------------------------------
     0 | D:1      | cheesebisquit the Minotaur Berserker began the quest for
                  | the Orb.
     0 | D:1      | Reached XP level 1. HP: 19/19 MP: 0/0
   527 | D:1      | Reached XP level 2. HP: 27/27 MP: 1/1
   602 | D:1      | Reached skill level 4 in Axes
  1367 | D:2      | Reached ** piety under Trog
  1371 | D:2      | Reached XP level 3. HP: 30/33 MP: 2/2
  1427 | D:2      | Reached skill level 5 in Axes
  1684 | D:2      | Reached XP level 4. HP: 34/40 MP: 3/3
  1848 | D:2      | Found a faded altar of an unknown god.
  2188 | D:3      | Found a transporter.
  2189 | D:3      | Found a transporter.
  2499 | D:3      | Noticed PorkyPig's ghost (amateur GnAM)
  2499 | D:3      | Identified the +9 great mace of Noon {vorpal, Str+4 Int+3}
  2499 | D:3      | Noticed an ogre
  2500 | D:3      | Noticed an ogre
  2501 | D:3      | Noticed an ogre
  2562 | D:3      | Reached skill level 6 in Axes
  2823 | D:4      | Reached XP level 5. HP: 46/46 MP: 4/4
  2892 | D:4      | Noticed a centaur
  2898 | D:4      | Killed a centaur
  2899 | D:4      | Reached skill level 7 in Axes
  2927 | D:4      | Reached skill level 8 in Axes
  2927 | D:4      | Reached XP level 6. HP: 33/52 MP: 5/5
  3052 | D:4      | Noticed Blork the orc
  3059 | D:4      | Killed Blork the orc
  3288 | D:4      | Found a staircase to the Ecumenical Temple.
  3317 | D:4      | Slain by an iguana

Illustrated notes

Levels and vault maps discovered:
D:1:      dpeg_arrival_lava_temple_mockup, layout_basic, dk_noncrumbling_2
D:2:      layout_rooms, shapermc_ecumenical_altar_venn
D:3:      layout_loops_cross, gammafunk_ghost_smash
D:4:      layout_basic, temple_pool_b, st_stairs_3, guppyfry_early_lair_pool,
          uniq_blork_the_orc, uniq_grinder

Skill      XL: |  1  2  3  4  5 |
---------------+----------------+-----
Axes           | 4 5 6 8 |  8.8
Fighting       | |  3.8
Armour         | |  2.7
Dodging        | |  2.4

Action                   |  1- 3 |  4- 6 || total
-------------------------+-------+-------++-------
Melee: Hand axe          |    86 |    87 ||   173
       Headbutt          |     9 |     7 ||    16
       Punch             |       |     2 ||     2
Invok: Trog's Hand       |     1 |     2 ||     3
       Berserk           |       |     1 ||     1
  Use: Scroll            |       |     1 ||     1
Armor: Animal skin       |     2 |       ||     2
       Ring mail         |    16 |    38 ||    54
Dodge: Dodged            |    49 |    48 ||    97
